 Dungeon Crawl Stone Soup version 0.29.1-15-g9cfb28693d (webtiles) character file.

Game seed: 17768776743412352859

90 adizb the Trooper (level 4, -1/42 HPs)
             Began as a Naga Fighter on Apr 24, 2023.
             Was a Priest of Cheibriados.
             Slain by a sky beast (2 damage)
             ... on level 4 of the Dungeon.
             The game lasted 00:12:46 (2545 turns).

adizb the Trooper (Naga Fighter)                    Turns: 2545, Time: 00:12:47

Health: -1/42      AC:  6    Str: 27    XL:     4   Next: 56%
Magic:  4/4        EV:  6    Int: 15    God:    Cheibriados [***...]
Gold:   173        SH: 10    Dex: 18    Spells: 3/3 levels left

rFire   . . .      SeeInvis +   a - +0 war axe
rCold   . . .      Faith    .   c - +0 buckler
rNeg    + . .      Spirit   .   e - +0 chain mail
rPois   +          Reflect  +   (no helmet)
rElec   .          Harm     .   r - scarf {repulsion}
rCorr   .          Rampage  .   (no gloves)
Will    .....                   (no barding)
Stlth   ..........              i - amulet of reflection
HPRegen 0.14/turn               d - ring of positive energy
MPRegen 0.09/turn               (no ring)

@: short of breath, repel missiles, very slow
A: AC +1, large, see invisible, deformed body, poison resistance, slowness 2,
spit poison 1, naga tail 1
a: Spit Poison, Renounce Religion, Bend Time, Temporal Distortion


You were on level 4 of the Dungeon.
You worshipped Cheibriados.
Cheibriados was most pleased with you.
You visited 1 branch of the dungeon, and saw 4 of its levels.

You collected 173 gold pieces.

Inventory:

Hand Weapons
 a - a +0 war axe (weapon)
Armour
 b - a +0 scale mail
 c - a +0 buckler (worn)
 e - a +0 chain mail (worn)
 r - a scarf of repulsion (worn)
Magical Staves
 p - a staff of fire
Jewellery
 d - a ring of positive energy (left hand)
 i - an amulet of reflection (around neck)
Scrolls
 h - a scroll of poison
 j - a scroll of magic mapping
 m - a scroll of blinking {unknown}
 o - a scroll of identify {unknown}
 q - a scroll of amnesia {unknown}
Potions
 f - a potion of attraction {unknown}
 g - 2 potions of lignification {unknown}
 k - a potion of haste {unknown}
 l - 2 potions of curing {unknown}
 n - a potion of berserk rage {unknown}
 s - a potion of heal wounds {unknown}


   Skills:
 + Level 3.5 Fighting
 + Level 2.6 Axes
 + Level 2.9 Armour
 - Level 2.2 Stealth
 + Level 3.2 Shields


You had 3 spell levels left.
You didn't know any spells.
Your spell library contained the following spells:

 Spells                   Type           Power      Damage    Failure   Level
 Animate Armour           Summ/Erth      0%         N/A       100%        4
 Summon Cactus Giant      Summ           0%         N/A       100%        6
 Dragon's Call            Summ           0%         N/A       100%        9


Dungeon Overview and Level Annotations

Branches:
Dungeon (4/15)
 Temple: D:4-7

Altars:
Cheibriados
Nemelex Xobeh


Innate Abilities, Weirdness & Mutations

Your serpentine skin is tough. (AC +1)
You have supernaturally acute eyesight. (SInv)
Armour fits poorly on your strangely shaped body.
Your system is resistant to poisons. (rPois)
You cover ground very slowly.
You can spit poison.
You have a snake-like lower body.


Message History

You feel sick. You block the sky beast's attack. The sky beast hits you.
The sky beast shocks you.
You barely miss the sky beast.
The sky beast is severely wounded.
You feel sick. You block the sky beast's attack.
You hit the sky beast.
The sky beast is severely wounded.
You feel sick.
The sky beast hits you but does no damage.
You block the sky beast's attack.
You closely miss the sky beast.
The sky beast is severely wounded.
You feel sick. The sky beast hits you. The sky beast shocks you.
You hit the sky beast.
The sky beast is severely wounded.
You feel sick.
You are no longer poisoned.
The sky beast hits you but does no damage.
You hit the sky beast.
The sky beast is almost dead.
The sky beast hits you. The sky beast shocks you.
* * * LOW HITPOINT WARNING * * *
You block the sky beast's attack.
You hit the sky beast but do no damage.
The sky beast is almost dead.
The sky beast hits you.
* * * LOW HITPOINT WARNING * * *
The sky beast shocks you.
* * * LOW HITPOINT WARNING * * *
Aiming: Spit Poison (1% risk of failure)
Press: ? - help, Q - select action, (/) - cycle Shift-Dir - straight line, f - sky beast
Aim: a sky beast (almost dead, 45% to hit)
The splash of poison misses the sky beast.
The sky beast hits you but does no damage.
Okay, then.
Okay, then.
You barely miss the sky beast.
The sky beast is almost dead.
The sky beast hits you.
You die...

..###.<...######........
.......[...†.........#
........#.######....##
######.#..### #...#..##
#.#.#...##...##..#
....#..........#.#
................#.##
....................#
######.......@Y..#...
#>!......)..#...
#.............##
..###.#######.# # #..
... #..# # ...# ...


You could see a sky beast.

Vanquished Creatures
  2 adders (D:2)
  A gnoll (D:1)
  2 dart slugs
  3 endoplasms
  2 giant cockroaches (D:1)
  7 hobgoblins
  9 kobolds
  6 quokkas
  6 ball pythons
  3 bats
  3 frilled lizards
  7 goblins
  6 rats
57 creatures vanquished.

Vanquished Creatures (others)
  5 plants (D:1)
  5 withered plants (D:1)
10 creatures vanquished.

Grand Total: 67 creatures vanquished

Notes
Turn   | Place    | Note
-------+----------+-------------------------------------------
     0 | D:1      | adizb the Naga Fighter began the quest for the Orb.
     0 | D:1      | Reached XP level 1. HP: 21/21 MP: 1/1
    53 | D:1      | Found a faded altar of an unknown god.
    67 | D:1      | Prayed at the altar of an unknown god.
    67 | D:1      | Became a worshipper of Cheibriados the Contemplative
    67 | D:1      | Reached * piety under Cheibriados
   156 | D:1      | Reached skill level 1 in Stealth
   156 | D:1      | Reached XP level 2. HP: 23/28 MP: 2/2
   224 | D:1      | Reached XP level 3. HP: 25/34 MP: 3/3
   548 | D:1      | Reached ** piety under Cheibriados
   839 | D:2      | HP: 1/34 [poisoned by an adder]
  1153 | D:2      | Reached XP level 4. HP: 42/42 MP: 4/4
  1916 | D:3      | Got the Parchment of Companions
  1959 | D:3      | Reached *** piety under Cheibriados
  2072 | D:3      | Found a sparkling altar of Nemelex Xobeh.
  2527 | D:4      | Noticed a sky beast
  2543 | D:4      | HP: 1/42 [sky beast (6)]
  2545 | D:4      | Slain by a sky beast

Illustrated notes

Levels and vault maps discovered:
D:1:      matt_arrival_refuge, layout_basic,
          shapermc_ecumenical_altar_flowoftime
D:2:      layout_loops_ring
D:3:      layout_loops_corners, nemelex_spade_bored_becter
D:4:      minmay_thinvault, layout_rooms, amcnicky_altar_gilded,
          chequers_ossuary_entry_cave, minmay_shop_mayhem, uniq_edmund,
          uniq_pikel

Skill      XL: |  1  2  3 |
---------------+----------+-----
Stealth        | 1 2 |  2.2
Shields        | 3 |  3.2
Fighting       | |  3.5
Axes           | |  2.6
Armour         | |  2.9

Action                   |  1- 3 |  4- 6 || total
-------------------------+-------+-------++-------
Melee: War axe           |    73 |    63 ||   136
 Abil: Spit Poison       |    12 |    10 ||    22
  Use: Scroll            |     2 |     1 ||     3
       Potion            |     1 |       ||     1
Armor: Scale mail        |    30 |       ||    30
       Chain mail        |       |    30 ||    30
Dodge: Dodged            |    26 |    11 ||    37
       Repelled          |       |     1 ||     1
Block: Buckler           |    24 |    39 ||    63
       Reflection        |       |     3 ||     3
